 Dungeon Crawl Stone Soup version 0.19.5 (webtiles) character file.

490 Inkary the Chopper (level 6, 0/79 HPs)
             Began as a Minotaur Fighter on Mar 26, 2017.
             Slain by Duvessa
             ... wielding a +0 rapier
              (5 damage)
             ... on level 4 of the Dungeon.
             The game lasted 00:04:14 (2315 turns).

Inkary the Chopper (Minotaur Fighter)               Turns: 2315, Time: 00:04:15

Health: 0/79       AC: 23    Str: 22    XL:     6   Next: 90%
Magic:  5/5        EV:  2    Int:  5    God:
Gold:   120        SH:  0    Dex: 10    Spells: 0 memorised, 5 levels left

rFire  . . .     SeeInvis .     d - +0 scythe
rCold  . . .     Gourm    .     (armour currently unavailable)
rNeg   + + +     Faith    .     (shield currently unavailable)
rPois  +         Spirit   .     (helmet currently unavailable)
rElec  .         Reflect  .     (cloak currently unavailable)
rCorr  .         Harm     .     (gloves currently unavailable)
MR     .....     NoTele   +     (boots currently unavailable)
Stlth  +.........               (no amulet)
                                (no ring)
                                (no ring)

@: lethally poisoned (0 -> -3), tree-form
A: (retaliatory headbutt), (horns 0)
a: no special abilities


You were on level 4 of the Dungeon.
You were not hungry.
You were a tree.
You visited 1 branch of the dungeon, and saw 4 of its levels.

You collected 120 gold pieces.

Inventory:

Hand Weapons
 d - a +0 scythe (weapon)
Armour
 b - a +0 scale mail (melded)
 c - a +0 shield
Jewellery
 n - an uncursed ring of flight {unknown}
Wands
 k - a wand of polymorph (5/24)
 r - a wand of iceblast (2/15)
Scrolls
 e - a scroll of teleportation {unknown}
 g - a scroll of remove curse {unknown}
 h - 3 scrolls of identify {unknown}
 l - a scroll of noise {unknown}
 o - a scroll of blinking {unknown}
 p - 2 scrolls of amnesia {unknown}
 s - a scroll of enchant weapon {unknown}
Potions
 m - a potion of ambrosia {unknown}
Comestibles
 a - 2 meat rations
 f - 2 bread rations
 i - 2 beef jerkies
 q - 2 chunks of flesh


   Skills:
 + Level 4.5 Fighting
   Level 7.7(8.1) Axes
 * Level 3.4(6.0) Polearms
 - Level 3.6 Armour
 - Level 3.6 Shields


You had 5 spell levels left.
You didn't know any spells.

Dungeon Overview and Level Annotations

Branches:
Dungeon (4/15)
 Temple: D:4-7

Altars:
Cheibriados
Trog
Yredelemnul

Annotations:
D:4 Duvessa


Innate Abilities, Weirdness & Mutations

((You reflexively headbutt those who attack you in melee.))
((You have a pair of horns on your head.))


Message History

The scorpion stings you but does no damage.
Duvessa hits you but does no damage.
You closely miss Duvessa.
Duvessa is lightly wounded.
You feel sick. Duvessa hits you with a rapier.
* * * LOW HITPOINT WARNING * * *
The scorpion stings you but does no damage.
Duvessa hits you but does no damage. The scorpion stings you.
* * * LOW HITPOINT WARNING * * *
You barely miss Duvessa.
Duvessa is lightly wounded.
You feel sick. Duvessa hits you but does no damage.
Duvessa hits you with a rapier.
* * * LOW HITPOINT WARNING * * *
The scorpion completely misses you.
Unknown command.
You slice Duvessa!!
Duvessa is heavily wounded.
You feel sick. Duvessa hits you with a rapier.
You die...

#.........#
+......)).+
#.......<.#
##..)....##
##.....##
##...##
##'## #
#.###.####.
#.e♣s......
#.###.###..
#... #
#....
.......
.####.## #
#.[ #.


You could see Duvessa (berserk) and a scorpion.

Vanquished Creatures
  Sigmund (D:2)
  Dowan (D:4)
  Ijyb (D:2)
  2 orc wizards
  Robin (D:3)
  3 gnolls (D:2)
  8 adders
  An ooze (D:3)
  A worm (D:2)
  A dart slug (D:1)
  4 orcs
  4 giant cockroaches
  16 goblins
  8 hobgoblins
  4 jackals
  7 bats
  2 gnoll zombies (D:3)
  11 kobolds
  9 rats
85 creatures vanquished.

Notes
Turn   | Place    | Note
-------+----------+-------------------------------------------
     0 | D:1      | Inkary the Minotaur Fighter began the quest for the Orb.
     0 | D:1      | Reached XP level 1. HP: 19/19 MP: 0/0
    79 | D:1      | Reached skill level 3 in Axes
   106 | D:1      | Reached XP level 2. HP: 26/26 MP: 1/1
   742 | D:1      | Reached skill level 4 in Axes
   804 | D:2      | Reached XP level 3. HP: 28/31 MP: 2/2
   847 | D:2      | Noticed Ijyb
   857 | D:2      | Killed Ijyb
   857 | D:2      | Reached skill level 5 in Axes
   857 | D:2      | Reached XP level 4. HP: 22/39 MP: 3/3
  1081 | D:2      | Noticed Sigmund
  1122 | D:2      | Killed Sigmund
  1122 | D:2      | Reached skill level 7 in Axes
  1122 | D:2      | Reached XP level 5. HP: 24/45 MP: 4/4
  1122 | D:2      | Reached XP level 6. HP: 27/51 MP: 5/5
  1278 | D:2      | Reached skill level 1 in Polearms
  1838 | D:3      | Found a basalt altar of Yredelemnul.
  1885 | D:3      | Found a bloodstained altar of Trog.
  1966 | D:3      | Noticed Robin
  1968 | D:3      | Killed Robin
  2059 | D:3      | Found a snail-covered altar of Cheibriados.
  2300 | D:4      | Noticed Dowan
  2308 | D:4      | Noticed Duvessa
  2310 | D:4      | Killed Dowan
  2315 | D:4      | Slain by Duvessa

Skill      XL: |  1  2  3  4  5  6 |
---------------+-------------------+-----
Axes           | 3 4 5 7 |  7.7
Polearms       | 3 |  3.4
Fighting       | 4 |  4.5
Armour         | |  3.6
Shields        | |  3.6

Action                   |  1- 3 |  4- 6 || total
-------------------------+-------+-------++-------
Melee: War axe           |    58 |    54 ||   112
       Headbutt          |     5 |    19 ||    24
       Scythe            |       |   105 ||   105
  Use: Potion            |       |     7 ||     7
  Eat: Chunk             |       |     5 ||     5
Armor: Scale mail        |    20 |    64 ||    84
       Skin              |       |    18 ||    18
Dodge: Dodged            |    16 |    69 ||    85
Block: Shield            |    39 |    26 ||    65
